AoeStats
← 糖老头

Arena

509858541Analyzed
1v1 RM · 3d ago on Sep 28, 2026· 40m 43s· 2 players
Game mode
Random Map
Map size
Tiny (2 player)
Population
200
Speed
Normal
Resources
Standard
Victory
Conquest
Starting age
Dark Age
Ending age
Imperial Age
RankedLock teamsTeams togetherTeam positionsShared explorationLock speedFull tech treeHidden civsTurbo modeCheats
Victory
Defeat
🇭🇰 Byzantines · Hong Kong SAR China
1321
+17
🇦🇷 Bulgarians · Argentina
1351
-17
糖老头
10:16 Feudal Age
9:57 Loom
11:41 Double-Bit Axe
12:53 Fletching
16:24 Horse Collar
20:57 Castle Age
22:34 Bodkin Arrow
32:34 Imperial Age
32:03 Wheelbarrow
31:51 Gold Mining
33:16 Bow Saw
34:16 Chemistry
34:19 Murder Holes
36:03 Stone Mining
36:48 Gold Shaft Mining
37:21 Hand Cart
38:54 Conscription
38:45 Logistica
39:55 Ballistics
39:56 Bombard Tower
39:50 Fortified Wall
Rotterdam
6:22 Loom
9:07 Feudal Age
9:58 Double-Bit Axe
11:02 Fletching
12:04 Town Watch
18:29 Castle Age
17:35 Forging
17:50 Stone Mining
18:34 Scale Barding Armor
20:54 Bodkin Arrow
21:06 Horse Collar
27:10 Wheelbarrow
31:01 Hand Cart
33:29 Imperial Age
31:37 Gold Mining
32:29 Chain Barding Armor
32:44 Heavy Plow
34:10 Fervor
37:34 Chemistry
37:28 Masonry
39:44 Plate Barding Armor
38:37 Pikeman
39:25 Squires
39:26 Scale Mail Armor
40:04 Iron Casting
39:16 Halberdier
40:35 Chain Mail Armor
Connection lost

Rejoining the realm…

Still unreachable

The connection could not be restored.

Session expired

The server has moved on; the page needs a fresh start.